 Dungeon Crawl Stone Soup version 0.23-a0-644-gb60d84b (webtiles) character file.

30 Borgoz the Skirmisher (level 3, 0/33 HPs)
             Began as a Ghoul Abyssal Knight on Jan 1, 2019.
             Was a Follower of Lugonu.
             Slain by a gnoll (6 damage)
             ... on level 1 of the Dungeon.
             The game lasted 00:02:11 (1340 turns).

Borgoz the Skirmisher (Ghoul Abyssal Knight)        Turns: 1340, Time: 00:02:12

Health: 0/33       AC:  3    Str: 15    XL:     3   Next: 18%
Magic:  3/3        EV: 11    Int:  7    God:    Lugonu [*.....]
Gold:   73         SH:  0    Dex:  9    Spells: 2/2 levels left

rFire    . . .     SeeInvis .     - Unarmed
rCold    + . .     Gourm    .   (no shield)
rNeg     + + +     Faith    .   a - +0 leather armour
rPois    ∞         Spirit   .   (no helmet)
rElec    .         Reflect  .   (no cloak)
rCorr    .         Harm     .   (no gloves)
MR       .....                  (no boots)
Stlth    +.........             (no amulet)
HPRegen  0.00/turn              (no ring)
MPRegen  0.08/turn              (no ring)

@: rotting
A: rotting body, claws 1, carnivore, cold resistance 1, negative energy
resistance 3, inhibited regeneration, torment resistance, unbreathing
a: Depart the Abyss, Renounce Religion


You were on level 1 of the Dungeon.
You worshipped Lugonu.
Lugonu was aware of your devotion.
You were not hungry.

You visited 1 branch of the dungeon, and saw 2 of its levels.
You visited the Abyss 1 time.

You collected 73 gold pieces.

Inventory:

Armour
 a - a +0 leather armour (worn)
Scrolls
 c - a scroll of remove curse {unknown}
 f - a scroll of teleportation {unknown}
 h - 2 scrolls of identify {unknown}
Potions
 e - a potion of heal wounds
 g - a potion of curing
Comestibles
 b - 4 rations


   Skills:
 + Level 4.2 Fighting
 + Level 1.8 Armour
 + Level 1.0 Dodging
 + Level 0.5 Stealth
 + Level 2.5 Unarmed Combat
 + Level 2.0 Invocations


You had 2 spell levels left.
You didn't know any spells.
Your spell library was empty.

Dungeon Overview and Level Annotations

Branches:
Dungeon (2/15)

Altars:
Xom


Innate Abilities, Weirdness & Mutations

Your body is rotting away.
You thrive on raw meat.
You are immune to poison.
You have sharp fingernails.
You are carnivorous and can eat meat at any time.
Your flesh is cold resistant. (rC+)
You are immune to negative energy. (rN+++)
You do not regenerate when monsters are visible.
You are immune to unholy pain and torment.
You can survive without breathing.


Message History

A gnoll comes into view.
The gnoll closely misses you.
The gnoll hits you from afar with a +0 spear!
The gnoll hits you from afar with a +0 spear.
The gnoll barely misses you. The gnoll closely misses you.
The gnoll hits you from afar with a +0 spear.
* * * LOW HITPOINT WARNING * * *
You climb upwards.
There is a stone staircase leading down here.
You scratch the gnoll.
The gnoll is moderately wounded.
The gnoll hits you.
* * * LOW HITPOINT WARNING * * *
You claw the gnoll!
The gnoll is almost dead.
The gnoll closely misses you.
You scratch the gnoll but do no damage.
The gnoll is almost dead.
The gnoll hits you.
You die...

#.....................
##################.#...
#................#.#...
##.##...#######....####
#.##...# #.........
#.###########...######
#.# #.................
#.###'#######...###...
#....@................
#...g...##.###.####.##
#.......÷(.......##.##
#......[##.###.#.##.##
#.......##.#........##
#.......##.......#..#.
############.#...#..#.
#############.#.....#....
#...................#.##.


You could see a gnoll.

Vanquished Creatures
  A dart slug (D:1)
  4 leopard geckos (D:1)
  A giant cockroach (D:1)
  2 hobgoblins (D:1)
  2 jackals (D:1)
  5 bats (D:1)
  A frilled lizard (D:1)
  A goblin (D:1)
  3 kobolds (D:1)
  3 rats (D:1)
23 creatures vanquished.

Notes
Turn   | Place    | Note
-------+----------+-------------------------------------------
     0 | Abyss:1  | Borgoz the Ghoul Abyssal Knight began the quest for the
                  | Orb.
     0 | Abyss:1  | Reached XP level 1. HP: 19/19 MP: 1/1
    57 | Abyss:1  | Noticed a large abomination
    58 | D:1      | Escaped the Abyss
   419 | D:1      | Reached skill level 1 in Dodging
   419 | D:1      | Reached XP level 2. HP: 27/27 MP: 2/2
   619 | D:1      | Reached skill level 4 in Fighting
   628 | D:1      | Reached * piety under Lugonu
  1071 | D:1      | Reached XP level 3. HP: 30/33 MP: 3/3
  1329 | D:2      | Found a shimmering altar of Xom.
  1340 | D:1      | Slain by a gnoll

Vault maps used:
D:1:      shiori_arrival_maze, hangedman_decor_points,
          corexii_item_surrounded_by_moat
D:2:      xom_teletrap_fun, first_ration, minmay_pentomino_p2
Abyss:1:  hangedman_cross_veins

Skill      XL: |  1  2 |
---------------+-------+-----
Dodging        | 1 |  1.0
Fighting       | 4 |  4.2
Armour         | |  1.8
Stealth        | |  0.5
Unarmed Combat | |  2.5
Invocations    | |  2.0

Action                   || total
-------------------------++-------
Melee: Unarmed           ||    77
Invok: Depart the Abyss  ||     1
  Use: Potion            ||     3
  Eat: Chunk             ||     3
Armor: Leather armour    ||    18
Dodge: Dodged            ||    47

Table legend:
 A = Non-vault XP
 B = Vault XP
 C = Vault XP percentage of total XP
 D = Non-vault monster count
 E = Vault monster count
 F = Vault count percentage of total count
                 A         B        C        D         E       F
            +---------+---------+-------+---------+---------+-------
      Total |      39 |       4 |   9.3 |      21 |       2 |   8.7
            +---------+---------+-------+---------+---------+-------
        D:1 |      39 |       4 |   9.3 |      21 |       2 |   8.7
            +---------+---------+-------+---------+---------+-------
